Map: Acid Plant LE

Players

Dark - Winner!

  • Race: Zerg Zerg
  • Spawn Location: 5:00

Reynor

  • Race: Zerg Zerg
  • Spawn Location: 11:00

Event: WESG 2017 Haikou

VOD

Have the link to the VOD?

Description

Time

  • Played on: March 15, 2018, 2:11 a.m.
  • Length: 17:01

All games in this series

Show
View Real Time Build Order
Export as new Build Order

Dark Zerg - Winner!

Build Orders: Hatch First, Zergling Baneling 

Get SALT Encoding   

  12  0:00  Drone  
  13  0:12  Overlord  
  13  0:16  Drone  
  14  0:30  Drone x2  
  14  0:34  Drone  
  17  0:50  Hatchery  
  17  0:54  Drone  
  17  0:57  Drone  
  18  1:07  Extractor  
  17  1:12  Spawning Pool  
  17  1:16  Drone  
  17  1:18  Drone  
  18  1:28  Drone  
  19  1:39  Overlord  
  19  1:51  Drone  
  20  1:59  Queen  
  20  2:01  Drone  
  23  2:03  Queen  
  23  2:04  Drone  
  23  2:07  Metabolic Boost  
  26  2:10  Drone  
  27  2:16  Drone  
  27  2:21  Drone  
  29  2:24  Drone  
  30  2:40  Hatchery, Baneling Nest  
  30  2:42  Zergling x2  
  30  2:44  Zergling x2  
  30  2:48  Drone x2  
  32  2:55  Overlord  
  32  3:11  Zergling x8  
  36  3:16  Zergling x4  
  36  3:19  Zergling x2  
  40  3:20  Zergling x6  
  40  3:29  Zergling x2  
  41  3:35  Baneling x2  
  41  3:38  Zergling x2  
  42  3:45  Overlord  
  42  3:46  Overlord  
  42  3:51  Queen  
  42  3:53  Baneling x2  
  44  4:02  Zergling x4  
  46  4:03  Drone  
  46  4:04  Drone x2  
  48  4:13  Drone  
  48  4:16  Baneling  
  48  4:17  Baneling x2  
  49  4:24  Roach Warren, Drone x5  
  48  4:25  Drone x3  
  53  4:39  Zergling x6  
  53  4:43  Zergling x6  
  57  4:49  Zergling x6  
  57  4:51  Baneling  
  57  4:54  Drone x4  
  57  4:56  Lair  
  57  4:58  Zergling x2  
  57  5:09  Zergling x4  
  57  5:13  Drone x3  
  57  5:14  Drone x3  
  65  5:16  Extractor  
  65  5:17  Extractor, Evolution Chamber, Drone  
  65  5:20  Drone, Baneling x2  
  64  5:22  Drone  
  64  5:27  Overlord  
  65  5:28  Baneling x2  
  65  5:30  Baneling x2  
  65  5:33  Overlord  
  65  5:34  Baneling x2  
  65  5:40  Overlord  
  65  5:43  Overlord  
  65  5:47  Drone x5  
  65  5:48  Drone  
  70  5:53  Drone  
  70  5:55  Drone  
  72  5:59  Drone x2  
  72  6:01  Drone x2  
  75  6:08  Roach x5  
  75  6:10  Glial Reconstitution  
  80  6:19  Extractor  
  80  6:20  Zerg Missile Weapons Level 1, Extractor  
  78  6:26  Roach x2, Overlord  
  78  6:27  Drone x2  
  78  6:29  Drone  
  78  6:30  Drone x2  
  78  6:31  Roach  
  78  6:32  Roach  
  91  6:34  Roach  
  91  6:39  Overlord  
  92  6:40  Overlord x3  
  92  6:41  Overlord  
  92  6:42  Spore Crawler  
  92  6:43  Spore Crawler  
  92  6:44  Spine Crawler  
  88  6:47  Overlord x2  
  88  6:49  Baneling x3  
  88  6:50  Baneling  
  88  6:59  Roach x3  
  88  7:00  Roach x2  
  98  7:02  Roach  
  98  7:04  Roach x2  
  98  7:06  Roach  
  108  7:08  Roach  
  108  7:09  Roach  
  108  7:12  Roach  
  108  7:14  Roach  
  108  7:15  Roach  
  116  7:17  Roach  
  116  7:20  Roach x2  
  122  7:24  Roach  
  122  7:25  Overlord  
  124  7:32  Overlord  
  124  7:44  Overlord x2  
  124  7:49  Drone  
  124  7:50  Drone x3  
  129  7:51  Drone x3, Extractor  
  130  8:00  Roach x4  
  130  8:02  Roach x2  
  130  8:04  Hatchery  
  130  8:05  Roach x3  
  134  8:07  Roach  
  134  8:08  Roach  
  134  8:10  Roach  
  132  8:14  Roach x2  
  132  8:17  Roach  
  132  8:24  Roach x3  
  130  8:27  Zerg Missile Weapons Level 2  
  130  8:28  Roach x2  
  128  8:34  Roach x3  
  128  8:35  Roach  
  128  8:37  Roach  
  128  8:39  Roach  
  130  8:45  Roach  
  128  8:50  Roach x3  
  130  8:58  Roach  
  130  8:59  Roach  
  134  9:05  Overlord  
  134  9:06  Roach, Overlord  
  134  9:09  Roach x3  
  142  9:10  Ravager x2  
  142  9:11  Ravager x2  
  146  9:19  Roach x2  
  152  9:27  Roach x3  
  152  9:28  Roach  
  152  9:29  Roach x2  
  162  9:35  Roach  
  161  9:41  Spore Crawler  
  161  9:42  Overlord x2  
  161  9:45  Overlord  
  154  9:49  Overlord  
  152  9:53  Roach  
  152  9:54  Roach  
  152  9:55  Roach  
  154  10:01  Roach x2  
  156  10:09  Hatchery  
  156  10:10  Roach  
  156  10:12  Roach x3  
  161  10:16  Roach x2  
  161  10:21  Roach x2  
  165  10:25  Roach x2  
  167  10:31  Queen  
  169  10:36  Ravager, Overlord  
  169  10:38  Overlord  
  170  10:42  Overlord  
  170  10:43  Zerg Ground Armor Level 1  
  170  10:46  Overlord  
  170  10:51  Overlord  
  170  10:54  Overlord  
  170  10:55  Overlord  
  170  11:01  Roach x3  
  170  11:04  Ravager x2  
  177  11:05  Ravager  
  177  11:09  Ravager x3  
  182  11:14  Spine Crawler  
  182  11:16  Spine Crawler  
  179  11:19  Roach  
  179  11:25  Roach x2  
  180  11:28  Roach x3  
  180  11:30  Roach  
  177  11:34  Roach  
  177  11:35  Roach  
  170  11:41  Roach x2  
  170  11:44  Roach  
  170  11:47  Roach x2  
  176  11:49  Drone x2  
  178  11:54  Ravager  
  178  11:55  Drone x3  
  178  11:56  Drone  
  178  11:57  Extractor  
  183  12:01  Ravager x2  
  183  12:05  Roach x3  
  183  12:06  Roach  
  192  12:11  Overseer  
  192  12:13  Roach x2  
  196  12:17  Roach  
  196  12:19  Roach  
  200  12:41  Roach  
  200  12:42  Roach  
  200  12:43  Roach  
  200  12:44  Roach x3  
  197  12:51  Zerg Ground Armor Level 2  
  197  12:57  Roach x2  
  195  13:03  Roach x2  
  195  13:05  Roach x2  
  152  13:13  Roach x3  
  152  13:14  Roach  
  152  13:15  Roach  
  152  13:16  Roach x8  
  172  13:20  Roach  
  172  13:26  Roach x2  
  178  13:28  Roach  
  178  13:31  Roach  
  168  13:43  Roach x4  
  168  13:47  Roach  
  168  13:48  Roach  
  172  13:49  Roach  
  159  14:04  Roach x5  
  159  14:06  Roach x2  
  148  14:12  Roach x4  
  135  14:17  Roach  
  135  14:19  Roach  
  135  14:26  Roach x2  
  135  14:29  Roach x4  
  147  14:39  Ravager x8  
  147  14:41  Roach  
  147  14:42  Roach  
  159  14:46  Roach x2  
  159  14:48  Roach  
  159  14:49  Roach  
  159  14:51  Roach  
  169  14:55  Roach x2  
  169  14:56  Roach  
  169  14:58  Roach  
  177  15:00  Roach  
  177  15:01  Roach  
  177  15:03  Roach x2  
  177  15:06  Roach  
  181  15:07  Roach  
  181  15:12  Roach  
  181  15:13  Roach  
  183  15:16  Roach x2  
  183  15:18  Roach  
  189  15:24  Roach x2  
  191  15:29  Roach x2  
  191  15:31  Roach x2  
  198  15:36  Roach  
  198  15:38  Roach x2  
  156  15:50  Roach x2  
  156  15:51  Roach x4  
  156  15:53  Roach  
  156  15:54  Roach  
  156  15:56  Roach  
Show
View Real Time Build Order
Export as new Build Order

Reynor Zerg 

Build Orders: Hatch First 

Get SALT Encoding   

  12  0:00  Drone  
  13  0:12  Overlord  
  13  0:16  Drone  
  14  0:30  Drone  
  14  0:33  Drone  
  14  0:35  Drone  
  17  0:52  Hatchery  
  17  0:55  Drone  
  17  0:58  Drone  
  18  1:09  Extractor  
  17  1:13  Spawning Pool  
  17  1:16  Drone  
  17  1:19  Drone  
  18  1:28  Drone  
  19  1:38  Overlord  
  19  2:00  Queen, Zergling x4  
  23  2:03  Drone, Queen  
  26  2:09  Metabolic Boost  
  26  2:11  Drone  
  28  2:15  Drone  
  28  2:22  Drone  
  29  2:25  Drone  
  30  2:38  Hatchery  
  30  2:39  Drone  
  30  2:44  Drone x2  
  31  2:48  Overlord  
  32  2:55  Queen  
  34  2:58  Drone  
  34  3:02  Evolution Chamber  
  34  3:04  Drone  
  35  3:19  Zergling x4  
  38  3:20  Zergling x2  
  38  3:23  Overlord  
  38  3:25  Drone x2  
  40  3:32  Drone x2  
  40  3:33  Queen  
  44  3:37  Zerg Missile Weapons Level 1  
  44  3:40  Overlord  
  43  3:42  Zergling x2  
  44  3:49  Queen  
  44  3:50  Zergling x2  
  44  3:52  Zergling x2  
  48  3:59  Zergling x2  
  48  4:00  Queen  
  48  4:01  Zergling x2  
  52  4:03  Zergling x2  
  52  4:08  Zergling x6  
  56  4:16  Drone x2  
  58  4:17  Drone  
  58  4:18  Drone x2  
  58  4:21  Overlord  
  61  4:28  Lair  
  61  4:33  Zergling x4  
  61  4:34  Zergling x2  
  58  4:39  Drone x2  
  58  4:41  Zergling x2  
  58  4:42  Zergling x2  
  58  4:44  Zergling x2  
  62  4:46  Zergling x2  
  55  4:59  Drone  
  56  5:00  Drone  
  50  5:09  Drone  
  50  5:10  Drone x2  
  53  5:15  Pneumatized Carapace  
  53  5:18  Drone x2  
  55  5:21  Zergling x4  
  55  5:24  Drone  
  58  5:34  Drone x3  
  61  5:39  Zergling x4  
  61  5:42  Drone x3  
  66  5:43  Drone x2  
  66  5:45  Extractor, Drone x2  
  68  5:50  Overlord  
  68  5:54  Drone x2  
  68  5:55  Drone x2  
  64  6:08  Drone x3  
  64  6:09  Drone x3  
  66  6:13  Drone  
  66  6:14  Drone  
  66  6:15  Drone x2, Extractor  
  66  6:16  Extractor  
  67  6:19  Drone x2  
  68  6:27  Drone x3  
  71  6:32  Roach Warren  
  71  6:34  Zerg Missile Weapons Level 2  
  71  6:38  Drone x3  
  73  6:41  Drone x2  
  73  6:43  Drone  
  76  6:47  Drone  
  76  6:48  Drone x2  
  76  6:54  Overlord  
  78  6:56  Drone x2  
  79  7:08  Overlord  
  78  7:09  Queen  
  78  7:10  Extractor  
  78  7:14  Roach x5  
  78  7:15  Glial Reconstitution  
  89  7:17  Overlord  
  89  7:20  Extractor  
  88  7:26  Overlord  
  88  7:27  Roach x4  
  88  7:29  Overlord  
  96  7:34  Overlord  
  96  7:36  Roach x4  
  104  7:45  Roach x4  
  104  7:48  Roach x2  
  116  7:53  Roach x3  
  116  7:58  Roach  
  124  8:01  Roach x4  
  124  8:02  Roach  
  115  8:10  Roach x3  
  101  8:20  Roach  
  101  8:25  Roach x2  
  88  8:30  Roach x3  
  88  8:32  Roach x2  
  86  8:35  Drone  
  81  8:43  Drone x2  
  81  8:46  Drone  
  82  8:51  Roach x5  
  82  8:52  Roach, Ravager x2  
  96  8:55  Drone  
  96  8:57  Ravager x2  
  96  8:58  Drone  
  96  9:00  Roach  
  102  9:04  Drone  
  102  9:05  Drone  
  102  9:07  Roach  
  102  9:08  Ravager  
  107  9:11  Roach  
  107  9:13  Roach  
  107  9:15  Drone  
  112  9:18  Roach  
  112  9:19  Roach  
  112  9:21  Roach  
  118  9:33  Roach x5  
  124  9:39  Roach x3  
  130  9:50  Roach  
  130  9:51  Roach x2  
  130  9:53  Overlord  
  130  9:54  Overlord  
  130  10:00  Overlord  
  130  10:06  Roach  
  130  10:09  Overlord  
  130  10:10  Overlord  
  130  10:11  Roach x3  
  130  10:12  Roach x2  
  140  10:20  Roach x2  
  139  10:24  Roach x2  
  139  10:25  Roach  
  139  10:26  Roach  
  139  10:27  Roach  
  150  10:28  Ravager x3  
  150  10:29  Ravager  
  150  10:34  Roach x2  
  157  10:37  Roach  
  159  10:44  Roach x2  
  159  10:47  Roach  
  165  10:53  Hatchery  
  165  10:54  Roach x2  
  168  10:58  Drone x2  
  168  11:00  Overlord  
  170  11:05  Overlord  
  170  11:07  Overlord  
  170  11:10  Zerg Ground Armor Level 1  
  166  11:31  Roach x2  
  166  11:32  Roach x8  
  169  11:37  Roach  
  155  11:43  Roach x2  
  155  11:46  Roach  
  163  11:54  Roach x3  
  163  11:55  Ravager x3  
  170  12:04  Ravager x2, Burrow  
  170  12:05  Roach x3  
  178  12:15  Roach x2  
  182  12:18  Roach x3  
  188  12:25  Roach x3  
  188  12:27  Roach x3  
  200  12:33  Overlord  
  186  12:45  Roach x6  
  186  12:48  Roach  
  198  12:54  Roach  
  196  13:01  Roach x2  
  196  13:02  Roach x5  
  132  13:13  Roach x3  
  132  13:14  Roach x14  
  132  13:16  Roach x2  
  138  13:21  Roach x2  
  138  13:22  Ravager x2  
  138  13:23  Ravager  
  149  13:27  Roach x2  
  149  13:30  Roach  
  149  13:32  Roach  
  149  13:33  Unknown x2  
  153  13:40  Roach x2  
  140  13:47  Roach x3  
  140  13:54  Roach  
  140  13:55  Roach x2  
  143  13:56  Roach  
  143  14:00  Queen  
  126  14:04  Roach x3  
  126  14:08  Roach  
  117  14:11  Roach  
  117  14:14  Roach x3  
  119  14:17  Roach x2  
  119  14:20  Roach x2  
  120  14:24  Roach  
  120  14:34  Roach x2  
  120  14:35  Roach x19  
  120  14:37  Unknown  
  126  14:41  Roach  
  126  14:42  Spire  
  126  14:45  Extractor  
  126  14:47  Roach  
  130  14:52  Roach  
  130  14:58  Roach x2  
  134  15:06  Roach x3  
  127  15:18  Roach x4  
  131  15:29  Roach  
  131  15:30  Roach x3  
  129  15:43  Roach x5  
  129  15:48  Roach x2  
  112  15:53  Roach  
  112  15:56  Roach  
  88  15:57  Unknown  
Tags
 
Add a new tag
Caveats
  • Supply blocks, unpowered buildings, or Contaminate may cause inaccurate times.
  • Supply counts are checked every 10 seconds.